Cogmind - Beta 9.6 @@@ ROGUE MODE // 2020.08.20 @ 12:50:50 Player: Exp. Geonium Core Result: Destroyed by Cetus Guard with Advanced Variable Charge Gun Performance ------------- Evolutions (5) 2500 Regions Visited (16) 3200 Robots Destroyed (68) 340 Value Destroyed (1915) 1915 Prototype IDs (2) 40 Alien Tech Used (0) 0 Bonus (1234) 1234 TOTAL SCORE: 9229 Bonus ------- High Alert Combat Kills 12 Follower Combat Kills 122 Entered Garrisons 600 Used RIF Installer 500 Cogmind --------- Core Integrity 0/1000 Matter 300/300 Energy 100/100 System Corruption 4% Temperature Cool (18) Movement Core (50) Location -5/Cetus Parts ------- > --- POWER (1) -------- (None) > --- PROPULSION (10) -- (None) > --- UTILITY (4) ------ Advanced Signal Interpreter > --- WEAPON (2) ------- (None) > --- INVENTORY (4) ---- KE Penetrator Ripper Peak State ------------ > --- POWER ------------ (None) > --- PROPULSION ------- Armored Treads Improved Medium Treads Improved Medium Treads Improved Medium Treads Improved Medium Treads Carbon-fiber Leg Carbon-fiber Leg Improved Titanium Leg > --- UTILITY ---------- Weight Redist. System Hacking Suite System Shield > --- WEAPON ----------- Rocket Array > --- INVENTORY -------- Heavy Flail [Rating: 46] Favorites ----------- Power Light Nuclear Core Power Core Light Nuclear Core Propulsion Carbon-fiber Leg Treads Improved Medium Treads Leg Carbon-fiber Leg Utility Hacking Suite Device Weight Redist. System Processor Advanced Signal Interpreter Hackware Hacking Suite Protection Heavy Armor Plating Weapon Heavy Assault Rifle Energy Gun Heavy EM Shotgun Ballistic Gun Heavy Assault Rifle Launcher Rocket Array Impact Weapon Heavy Flail Slashing Weapon Ripper Build | -11 -10 -9 -9 -8 -8 -8 -7 -7 -7 -7 -7 -6 -6 -5 -5 -5 ------- Run | Scr Mat Mat Min Mat Gar Mat Fac Was Fac Sto Gar Fac Gar Fac Ext Cet Slots Evolved 10 | . . 2 . 2 . . 2 . . . . 2 . 2 . . Power . | . . . . . . . . . . . . . . . . . Propulsion 8 | . . 2 . 2 . . 2 . . . . . . 2 . . Utility 2 | . . . . . . . . . . . . 2 . . . . Weapon . | . . . . . . . . . . . . . . . . . Parts Attached 121 | 3 1 9 1 14 8 8 10 . 16 3 2 7 . 14 24 1 Power 2 | . . . . . . 1 1 . . . . . . . . . Engine . | . . . . . . . . . . . . . . . . . Core 2 | . . . . . . 1 1 . . . . . . . . . Reactor . | . . . . . . . . . . . . . . . . . Propulsion 56 | 2 . 1 1 6 2 2 2 . 13 1 . 5 . 5 16 . Treads 24 | 2 . . . 1 . 2 1 . 3 1 . 5 . 2 7 . Leg 32 | . . 1 1 5 2 . 1 . 10 . . . . 3 9 . Wheel . | . . . . . . . . . . . . . . . . . Hover . | . . . . . . . . . . . . . . . . . Flight . | . . . . . . . . . . . . . . . . . Utility 12 | . . 1 . 3 2 2 . . . . . 1 . 2 1 . Device 1 | . . . . . . . . . . . . . . 1 . . Storage . | . . . . . . . . . . . . . . . . . Processor 2 | . . . . 1 . . . . . . . . . . 1 . Hackware 5 | . . . . 1 . 2 . . . . . 1 . 1 . . Protection 4 | . . 1 . 1 2 . . . . . . . . . . . Artifact . | . . . . . . . . . . . . . . . . . Weapon 51 | 1 1 7 . 5 4 3 7 . 3 2 2 1 . 7 7 1 Energy Gun 13 | . 1 2 . . . 3 2 . 2 1 . 1 . . 1 . Energy Cannon . | . . . . . . . . . . . . . . . . . Ballistic Gun 19 | 1 . 5 . 5 4 . 2 . . . . . . . 2 . Ballistic Cannon . | . . . . . . . . . . . . . . . . . Launcher 12 | . . . . . . . 1 . . 1 2 . . 6 2 . Special Weapon . | . . . . . . . . . . . . . . . . . Impact Weapon 4 | . . . . . . . 2 . 1 . . . . 1 . . Slashing Weapon 3 | . . . . . . . . . . . . . . . 2 1 Piercing Weapon . | . . . . . . . . . . . . . . . . . Special Melee Weapon . | . . . . . . . . . . . . . . . . . Unidentified Prototypes 2 | . . . . . . . . . . 2 . . . . . . Parts Lost 55 | . . 7 . . 2 1 10 1 . . . 1 4 3 22 4 Power . | . . . . . . . . . . . . . . . . . Propulsion 39 | . . 3 . . . 1 7 . . . . 1 3 3 19 2 Utility 5 | . . . . . 1 . . 1 . . . . . . 3 . Weapon 11 | . . 4 . . 1 . 3 . . . . . 1 . . 2 Highest Loss Streak 10 | . . 4 . . 2 1 9 1 . . . 1 4 1 10 3 Average Slot Usage (%) 50 | . 44 28 27 49 66 78 44 10 56 67 64 59 60 54 48 16 Treads 17 | . 28 8 . . 9 18 11 . 9 24 30 48 47 30 13 5 Leg 19 | . . 5 5 28 44 35 9 . 43 36 30 2 . 7 18 . Hackware 4 | . . . . 4 . 12 15 10 . . . 2 6 10 5 . Energy Gun 2 | . 6 5 . . . 9 2 . 2 4 . 4 6 . . . Ballistic Gun 3 | . 10 7 22 10 11 . 1 . . . . . . . . . Naked Turns 16 | . . . . . . . . 9 7 . . . . . . . Heaviest Build 18 | 1 3 3 2 18 6 11 11 . 3 4 7 4 4 . 3 3 Greatest Support 208 | 40 3 40 3 80 100 60 60 3 90 68 3 208 208 160 30 3 Greatest Overweight (x) 2 | . . . . . 1 . 2 . . 1 2 1 1 . . . Average Overweight (x) . | . . . . . . . . . . . . . . . . . Largest Inventory Capacity 4 | 4 4 4 4 4 4 4 4 4 4 4 4 4 4 4 4 4 Average Capacity 4 | 4 4 4 4 4 4 4 4 4 4 4 4 4 4 4 4 4 Most Carried 4 | . 4 4 2 4 4 4 4 3 4 3 3 3 2 2 4 3 Average Carried 2 | . 3 2 2 3 2 3 3 3 3 2 2 2 2 1 3 2 Final Capacity 4 | 4 4 4 4 4 4 4 4 4 4 4 4 4 4 4 4 4 Final Carried 4 | . 3 2 2 4 3 4 3 3 3 3 3 2 2 2 3 2 Class Distribution -------------------- 68% | Mutant 25% | Hacker-Mutant 6% | Scavenger-Mutant Dominant Class ---------------- Mutant | -10/Materials Mutant | -9/Materials Mutant | -9/Mines Mutant | -8/Materials Mutant | -8/Garrison Mutant | -8/Materials Hacker-Mutant | -7/Factory Mutant | -7/Waste Mutant | -7/Factory Mutant | -7/Storage Mutant | -7/Garrison Mutant | -6/Factory Mutant | -6/Garrison Hacker-Mutant | -5/Factory Scavenger-Mutant | -5/Extension Mutant | -5/Cetus Resources | -11 -10 -9 -9 -8 -8 -8 -7 -7 -7 -7 -7 -6 -6 -5 -5 -5 ----------- Run | Scr Mat Mat Min Mat Gar Mat Fac Was Fac Sto Gar Fac Gar Fac Ext Cet Matter Collected 1764 | 71 . 120 . 242 244 77 143 . 75 75 . 75 . 145 490 7 Remotely . | . . . . . . . . . . . . . . . . . Salvage Created 2047 | . 93 186 . 113 260 137 201 . 75 75 94 75 . 380 267 91 Parts 160 | . 8 19 . 12 20 9 9 . 3 4 10 6 . 42 12 6 Haulers Intercepted 2 | . . . . . . 1 1 . . . . . . . . . Recyclers Shooed . | . . . . . . . . . . . . . . . . . Parts Field Recycled . | . . . . . . . . . . . . . . . . . Retrieved Matter . | . . . . . . . . . . . . . . . . . Parts Self-Destructed . | . . . . . . . . . . . . . . . . . Prevented . | . . . . . . . . . . . . . . . . . Kills | -11 -10 -9 -9 -8 -8 -8 -7 -7 -7 -7 -7 -6 -6 -5 -5 -5 ------- Run | Scr Mat Mat Min Mat Gar Mat Fac Was Fac Sto Gar Fac Gar Fac Ext Cet Combat Hostiles Destroyed 51 | . 2 9 . 3 8 2 2 . 1 1 6 1 . 7 5 4 Melee 6 | . . . . . . 1 . . . . . . . . 1 4 Guns 25 | . 2 8 . 3 8 1 1 . 1 . . . . . 1 . AOE 18 | . . 1 . . . . 1 . . . 6 . . 7 3 . Classes Destroyed 10 | . 1 1 . 2 . 1 . . . . . . . 4 1 . Worker 3 | . . . . 1 . . . . . . . . . 2 . . Builder 6 | . . . . . . . . . . . . . . 6 . . Tunneler 2 | . . . . . . . . . . . . . . 2 . . Hauler 2 | . . . . . . 1 1 . . . . . . . . . Recycler 1 | . . . . . . . . . . . . . . 1 . . Watcher 3 | . . . . . . . . . . . . . . 1 2 . Swarmer 25 | . . 7 . 2 3 . . . . . 4 . . 5 . 4 Grunt 16 | . 2 2 . . 5 1 . . . . 2 . . 2 2 . Sentry 8 | . . . . 1 . 1 2 . 1 1 . 1 . . 1 . Hunter 1 | . . . . . . . . . . . . . . . 1 . Thug 1 | . . . . . . . . . . . . . . . 1 . Best Kill Streak 6 | . 2 4 . 4 3 2 2 . 1 1 4 1 . 6 3 4 Combat Bots Only 5 | . 2 4 . 3 3 2 2 . 1 1 4 1 . 5 2 4 Max Kills in Single Turn 6 | . 1 1 . 1 1 1 1 . 1 1 3 1 . 6 3 1 Gunslinging . | . . . . . . . . . . . . . . . . . Exploded 5 | . . 1 . . . . 1 . . . 3 . . 5 2 . Melee 1 | . . . . . . 1 . . . . . . . . 1 1 Uniques/NPCs Destroyed . | . . . . . . . . . . . . . . . . . Combat | -11 -10 -9 -9 -8 -8 -8 -7 -7 -7 -7 -7 -6 -6 -5 -5 -5 -------- Run | Scr Mat Mat Min Mat Gar Mat Fac Was Fac Sto Gar Fac Gar Fac Ext Cet Damage Taken 10159 | . 174 692 20 367 965 362 1463 41 312 203 281 1023 487 739 2357 673 Core 2288 | . 9 159 20 68 100 60 546 41 29 18 45 97 76 95 471 454 Absorbed by Shields . | . . . . . . . . . . . . . . . . . Core Remaining (%) 65 | 100 96 . 55 . . 58 . . . . 3 . 79 . . . Volleys Fired 146 | . 3 43 . 18 28 4 12 . 4 5 5 7 . 10 7 . Largest 2 | . 2 2 . 2 2 2 2 . 2 1 1 1 . 1 1 . Hottest 135 | . 65 90 . 46 46 130 108 . 135 50 45 50 . 45 45 . Shots Fired 203 | . 6 54 . 29 51 8 13 . 8 5 5 7 . 10 7 . Gun 182 | . 6 54 . 29 51 8 9 . 8 5 . 7 . . 5 . Cannon . | . . . . . . . . . . . . . . . . . Launcher 21 | . . . . . . . 4 . . . 5 . . 10 2 . Special . | . . . . . . . . . . . . . . . . . Kinetic 133 | . 3 40 . 29 51 1 4 . . . . . . . 5 . Thermal 16 | . . . . . . 7 5 . 4 . . . . . . . Explosive 17 | . . . . . . . . . . . 5 . . 10 2 . Electromagnetic 37 | . 3 14 . . . . 4 . 4 5 . 7 . . . . Robot Hit Streak 16 | . 5 6 . 7 11 2 8 . 6 16 6 7 . 6 3 . Robot Miss Streak 4 | . 1 4 . 2 2 3 3 . 2 . 3 2 . 4 3 . Penetration Max . | . . . . . . . . . . . . . . . . . Secondary Targets 3 | . . . . 1 2 . . . . . . . . . . . Max Gunslinging Chain 1 | . . . . 1 1 . . . . . . . . . . . Shots Hit Robots 163 | . 5 37 . 19 40 3 14 . 7 5 4 7 . 6 10 6 Core Hits 171 | . 5 14 . 6 20 3 15 . 3 3 24 2 . 46 26 4 Critical Hits 1 | . . . . . . . . . . . . . . . 1 . Critical Kills . | . . . . . . . . . . . . . . . . . Critical Parts Destroyed 1 | . . . . . . . . . . . . . . . 1 . Melee Attacks 49 | . . . . . . . 5 . 6 1 . . . . 7 30 Impact 12 | . . . . . . . 5 . 6 1 . . . . . . Slashing 37 | . . . . . . . . . . . . . . . 7 30 Piercing . | . . . . . . . . . . . . . . . . . Sneak Attacks 1 | . . . . . . . . . . . . . . . 1 . Combat Hostiles . | . . . . . . . . . . . . . . . . . Follow-up Attacks . | . . . . . . . . . . . . . . . . . Damage Inflicted 5067 | . 51 414 . 247 606 71 398 . 134 172 511 183 . 1009 1059 212 Guns 1930 | . 51 331 . 247 606 65 203 . 134 107 . 112 . . 74 . Cannons . | . . . . . . . . . . . . . . . . . Explosions 2592 | . . 81 . . . . 121 . . 65 511 63 . 1009 742 . Melee 522 | . . . . . . . 70 . . . . . . . 241 211 Ramming 23 | . . 2 . . . 6 4 . . . . 8 . . 2 1 Kinetic 1268 | . 29 198 . 247 606 . 114 . . . . . . . 74 . Thermal 451 | . . 81 . . . 65 111 . 66 65 . 63 . . . . Explosive 2229 | . . . . . . . . . . . 511 . . 976 742 . Electromagnetic 574 | . 22 133 . . . . 99 . 68 107 . 112 . 33 . . Impact 70 | . . . . . . . 70 . . . . . . . . . Slashing 452 | . . . . . . . . . . . . . . . 241 211 Piercing . | . . . . . . . . . . . . . . . . . Highest Corruption 4 | . . . . . . 3 . . . . . . . . . 4 Average Corruption 3 | . . . . . . 3 . . . . . . . . . 4 Corruption Purged . | . . . . . . . . . . . . . . . . . Effects 2 | . . . . . . . . . . . . . . . . 2 Matter Fused 1 | . . . . . . . . . . . . . . . . 1 Targeting Errors 1 | . . . . . . . . . . . . . . . . 1 Overload Shots . | . . . . . . . . . . . . . . . . . Overflow Damage 86 | . . . . . . . 59 . . . . . . 3 24 . Projectiles . | . . . . . . . . . . . . . . . . . Explosions 86 | . . . . . . . 59 . . . . . . 3 24 . Melee . | . . . . . . . . . . . . . . . . . Knockbacks . | . . . . . . . . . . . . . . . . . Impact . | . . . . . . . . . . . . . . . . . Kinetic . | . . . . . . . . . . . . . . . . . Secondary . | . . . . . . . . . . . . . . . . . Self-Inflicted Damage 517 | . . 37 . . . . 76 . . 48 138 42 . 132 44 . Shots 20 | . . 1 . . . . 2 . . 1 6 1 . 6 3 . Rammed 34 | . . 1 . . . 5 11 . . . . 13 . . 1 3 Targets Rammed 36 | . . 1 . . . 6 11 . . . . 13 . . 2 3 Kicked . | . . . . . . . . . . . . . . . . . Crushed 2 | . . . . . . 1 . . . . . . . . 1 . Highest Temperature 207 | . 28 40 . . 36 207 16 . 51 12 5 18 . . . . Average Temperature 33 | . 16 15 . . 22 104 7 . 23 7 5 9 . . . . Received Heat Transfer 2130 | . 42 174 . 45 504 135 378 . 96 60 15 171 93 99 282 36 Siege Activations . | . . . . . . . . . . . . . . . . . Robots Corrupted 2 | . . . . . . . . . . 1 . 1 . . . . Combat Hostiles 2 | . . . . . . . . . . 1 . 1 . . . . Parts Fried 3 | . . . . . . . 1 . . 1 . 1 . . . . Impact Corruptions . | . . . . . . . . . . . . . . . . . Robots Melted . | . . . . . . . . . . . . . . . . . Combat Hostiles . | . . . . . . . . . . . . . . . . . Parts Melted 2 | . . . . . . . 2 . . . . . . . . . Heat Transferred 696 | . . 50 . . . 148 248 . 150 50 . 50 . . . . Parts Sabotaged . | . . . . . . . . . . . . . . . . . Parts Stolen . | . . . . . . . . . . . . . . . . . Parts Stripped . | . . . . . . . . . . . . . . . . . Power Chain Reactions 4 | . . 1 . . . . 1 . . 1 . 1 . . . . Missiles Intercepted . | . . . . . . . . . . . . . . . . . Alert | -11 -10 -9 -9 -8 -8 -8 -7 -7 -7 -7 -7 -6 -6 -5 -5 -5 ------- Run | Scr Mat Mat Min Mat Gar Mat Fac Was Fac Sto Gar Fac Gar Fac Ext Cet Peak Influence 635 | . 59 219 77 194 301 254 173 75 114 146 277 226 158 635 456 247 Average Influence 186 | . 26 117 77 102 210 185 125 62 80 94 207 183 147 313 347 188 Maximum Alert Level 2 | . . 1 . . 1 1 . . . . 1 1 . 2 2 1 Low Security (%) 65 | 100 100 86 100 100 50 79 100 100 100 100 29 66 100 25 . 74 Level 1 27 | . . 13 . . 49 20 . . . . 70 33 . 36 78 25 Level 2 7 | . . . . . . . . . . . . . . 37 21 . Level 3 . | . . . . . . . . . . . . . . . . . Level 4 . | . . . . . . . . . . . . . . . . . Level 5 . | . . . . . . . . . . . . . . . . . High Security . | . . . . . . . . . . . . . . . . . Max Security . | . . . . . . . . . . . . . . . . . Squads Dispatched 15 | . . 1 . 2 . . 2 . 1 1 . 1 . 4 3 . Investigation 3 | . . . . . . . . . 1 . . 1 . 1 . . Extermination 1 | . . . . . . . . . . . . . . 1 . . Reinforcement 8 | . . 1 . 2 . . . . . . . . . 2 3 . Assault . | . . . . . . . . . . . . . . . . . Garrison 3 | . . . . . . . 2 . . 1 . . . . . . Intercept . | . . . . . . . . . . . . . . . . . Construction Impeded 1 | . . . . . . . . . . . . . . 1 . . Haulers Reinforced . | . . . . . . . . . . . . . . . . . Stealth | -11 -10 -9 -9 -8 -8 -8 -7 -7 -7 -7 -7 -6 -6 -5 -5 -5 --------- Run | Scr Mat Mat Min Mat Gar Mat Fac Was Fac Sto Gar Fac Gar Fac Ext Cet Distress Signals 7 | . 1 . . 1 . . . . . . . . . 1 3 1 Communications Jammed . | . . . . . . . . . . . . . . . . . Distress Signals . | . . . . . . . . . . . . . . . . . Times Spotted 161 | . 6 16 . 12 9 9 6 5 1 4 8 9 8 20 30 18 Peak Tracking Total 15 | . 4 6 . 6 6 7 4 5 1 3 5 6 7 11 12 15 Tactical Retreats 12 | . . . . 1 . 1 . . . . 1 2 1 2 3 1 Traps | -11 -10 -9 -9 -8 -8 -8 -7 -7 -7 -7 -7 -6 -6 -5 -5 -5 ------- Run | Scr Mat Mat Min Mat Gar Mat Fac Was Fac Sto Gar Fac Gar Fac Ext Cet Traps Triggered 6 | . . . 1 . 2 . 1 . . . . . 1 1 . . Indirectly . | . . . . . . . . . . . . . . . . . Trap Hack Attempts . | . . . . . . . . . . . . . . . . . Triggered . | . . . . . . . . . . . . . . . . . Disarmed . | . . . . . . . . . . . . . . . . . Reprogrammed . | . . . . . . . . . . . . . . . . . Reused . | . . . . . . . . . . . . . . . . . Traps Extracted . | . . . . . . . . . . . . . . . . . Installed . | . . . . . . . . . . . . . . . . . Triggered . | . . . . . . . . . . . . . . . . . Machines | -11 -10 -9 -9 -8 -8 -8 -7 -7 -7 -7 -7 -6 -6 -5 -5 -5 ---------- Run | Scr Mat Mat Min Mat Gar Mat Fac Was Fac Sto Gar Fac Gar Fac Ext Cet Machines Disabled 4 | . . 1 . . . . 1 . . 1 . . . 1 . . Max in Single Turn 1 | . . 1 . . . . 1 . . 1 . . . 1 . . Energy Cycler 5 | . . . . . . . . . . . . . . . 5 . Machines Sabotaged . | . . . . . . . . . . . . . . . . . Garrisons Compromised . | . . . . . . . . . . . . . . . . . Overloaded Fab Kills . | . . . . . . . . . . . . . . . . . Fab Network Shutdowns . | . . . . . . . . . . . . . . . . . Hacking | -11 -10 -9 -9 -8 -8 -8 -7 -7 -7 -7 -7 -6 -6 -5 -5 -5 --------- Run | Scr Mat Mat Min Mat Gar Mat Fac Was Fac Sto Gar Fac Gar Fac Ext Cet Machines Accessed 16 | . 1 . 1 1 . . 1 . 3 1 . 2 . 4 2 . Terminals 11 | . 1 . . . . . 1 . 3 . . 1 . 3 2 . Fabricators 1 | . . . . . . . . . . . . . . 1 . . Repair Stations . | . . . . . . . . . . . . . . . . . Recycling Units . | . . . . . . . . . . . . . . . . . Scanalyzers . | . . . . . . . . . . . . . . . . . Garrison Access 3 | . . . . 1 . . . . . 1 . 1 . . . . Total Hacks 38 | . 1 . 1 1 . . 2 . 7 1 . 6 . 12 7 . Successful 19 | . 1 . 1 1 . . 2 . 3 1 . 3 . 4 3 . Failed 19 | . . . . . . . . . 4 . . 3 . 8 4 . Catastrophic 4 | . . . . . . . . . 2 . . 1 . . 1 . Database Lockouts . | . . . . . . . . . . . . . . . . . Manual 29 | . 1 . . . . . 1 . 7 1 . 4 . 10 5 . Terminals 32 | . 1 . . . . . 2 . 7 . . 5 . 10 7 . Fabricators 2 | . . . . . . . . . . . . . . 2 . . Repair Stations . | . . . . . . . . . . . . . . . . . Recycling Units . | . . . . . . . . . . . . . . . . . Scanalyzers . | . . . . . . . . . . . . . . . . . Garrison Access 3 | . . . . 1 . . . . . 1 . 1 . . . . Terminal Hacks 6 | . 1 . 1 . . . 1 . 1 . . 1 . . 1 . Open Door 2 | . . . 1 . . . . . . . . . . . 1 . Level Access Points 1 | . 1 . . . . . . . . . . . . . . . Terminal Index 1 | . . . . . . . . . 1 . . . . . . . Locate Traps 1 | . . . . . . . . . . . . 1 . . . . Assault Status 1 | . . . . . . . 1 . . . . . . . . . Fabricator Hacks 1 | . . . . . . . . . . . . . . 1 . . Build 1 | . . . . . . . . . . . . . . 1 . . Repair Station Hacks . | . . . . . . . . . . . . . . . . . Recycling Unit Hacks . | . . . . . . . . . . . . . . . . . Scanalyzer . | . . . . . . . . . . . . . . . . . Garrison Access Hacks 3 | . . . . 1 . . . . . 1 . 1 . . . . Unlock Access 3 | . . . . 1 . . . . . 1 . 1 . . . . Unauthorized Hacks 9 | . . . . . . . 1 . 2 . . 1 . 3 2 . Terminals 9 | . . . . . . . 1 . 2 . . 1 . 3 2 . Botnet 9 | . . . . . . . 1 . 2 . . 1 . 3 2 . Fabricators . | . . . . . . . . . . . . . . . . . Repair Stations . | . . . . . . . . . . . . . . . . . Recycling Units . | . . . . . . . . . . . . . . . . . Scanalyzers . | . . . . . . . . . . . . . . . . . Garrison Access . | . . . . . . . . . . . . . . . . . Data Cores Recovered . | . . . . . . . . . . . . . . . . . Used . | . . . . . . . . . . . . . . . . . Hacking Detections 13 | . . . . 1 . . 1 . 3 1 . 2 . 3 2 . Full Trace Events 3 | . . . . . . . . . 1 . . 1 . 1 . . Feedback Events . | . . . . . . . . . . . . . . . . . Feedback Blocked . | . . . . . . . . . . . . . . . . . Robot Schematics Acquired . | . . . . . . . . . . . . . . . . . Robots Built . | . . . . . . . . . . . . . . . . . Matter . | . . . . . . . . . . . . . . . . . Time . | . . . . . . . . . . . . . . . . . Total Robot Build Rating . | . . . . . . . . . . . . . . . . . Part Schematics Acquired . | . . . . . . . . . . . . . . . . . Parts Built 2 | . . . . . . . . . . . . . . 2 . . Matter 256 | . . . . . . . . . . . . . . 256 . . Time 64 | . . . . . . . . . . . . . . 64 . . Total Part Build Rating 16 | . . . . . . . . . . . . . . 16 . . Parts Repaired . | . . . . . . . . . . . . . . . . . Time . | . . . . . . . . . . . . . . . . . Parts Recycled . | . . . . . . . . . . . . . . . . . Recycled Matter . | . . . . . . . . . . . . . . . . . Retrieved Matter . | . . . . . . . . . . . . . . . . . Retrieved Components . | . . . . . . . . . . . . . . . . . Parts Scanalyzed . | . . . . . . . . . . . . . . . . . Part Schematics Acquired . | . . . . . . . . . . . . . . . . . Parts Damaged . | . . . . . . . . . . . . . . . . . Bothacking | -11 -10 -9 -9 -8 -8 -8 -7 -7 -7 -7 -7 -6 -6 -5 -5 -5 ------------ Run | Scr Mat Mat Min Mat Gar Mat Fac Was Fac Sto Gar Fac Gar Fac Ext Cet Used RIF Installer 1 | . . . . . 1 . . . . . . . . . . . Robots Hacked . | . . . . . . . . . . . . . . . . . Non-combat . | . . . . . . . . . . . . . . . . . Combat . | . . . . . . . . . . . . . . . . . Robot Hacks Applied . | . . . . . . . . . . . . . . . . . Relay Couplers Released . | . . . . . . . . . . . . . . . . . Robots Rewired 6 | . . . . . . . . . . . . . . . 6 . Allies Hacked . | . . . . . . . . . . . . . . . . . Hacks Repelled . | . . . . . . . . . . . . . . . . . Allies | -11 -10 -9 -9 -8 -8 -8 -7 -7 -7 -7 -7 -6 -6 -5 -5 -5 -------- Run | Scr Mat Mat Min Mat Gar Mat Fac Was Fac Sto Gar Fac Gar Fac Ext Cet Total Allies 7 | . . . . . . . . . . . . . . . 7 . Largest Group 4 | . . . . . . . . . . . . . . . 4 . Highest-Rated Group 115 | . . . . . . . . . . . . . . . 115 . Highest-Rated Ally 31 | . . . . . . . . . . . . . . . 31 . Total Orders . | . . . . . . . . . . . . . . . . . Ally Attacks 31 | . . . . . . . . . . . . . . . 31 . Total Damage 737 | . . . . . . . . . . . . . . . 737 . Kills 3 | . . . . . . . . . . . . . . . 3 . Allies Corrupted . | . . . . . . . . . . . . . . . . . Allies Melted . | . . . . . . . . . . . . . . . . . Intel | -11 -10 -9 -9 -8 -8 -8 -7 -7 -7 -7 -7 -6 -6 -5 -5 -5 ------- Run | Scr Mat Mat Min Mat Gar Mat Fac Was Fac Sto Gar Fac Gar Fac Ext Cet Robot Analysis Total . | . . . . . . . . . . . . . . . . . Derelict Logs Recovered . | . . . . . . . . . . . . . . . . . Drone Launches . | . . . . . . . . . . . . . . . . . Drone Recoveries . | . . . . . . . . . . . . . . . . . Exploration | -11 -10 -9 -9 -8 -8 -8 -7 -7 -7 -7 -7 -6 -6 -5 -5 -5 ------------- Run | Scr Mat Mat Min Mat Gar Mat Fac Was Fac Sto Gar Fac Gar Fac Ext Cet Turns Passed 2593 | 20 77 210 18 212 252 104 227 35 217 82 75 227 70 278 364 125 Spaces Moved 2783 | 21 127 185 33 267 207 111 179 70 236 67 99 171 72 436 412 90 Core 2623 | 16 127 183 33 262 198 104 157 70 223 65 99 146 68 428 354 90 Treads 78 | 5 . 2 . . . 7 22 . 3 2 . 25 4 6 2 . Legs 82 | . . . . 5 9 . . . 10 . . . . 2 56 . Wheels . | . . . . . . . . . . . . . . . . . Hover . | . . . . . . . . . . . . . . . . . Flight . | . . . . . . . . . . . . . . . . . Fastest Speed 50 | 50 50 50 50 50 50 50 50 50 50 50 50 50 50 50 50 50 Average Speed 59 | 76 50 51 50 51 53 57 68 50 54 71 54 98 95 51 60 50 Slowest Speed 166 | 160 50 160 50 130 130 165 163 50 165 166 150 162 162 161 160 50 Overloaded Moves . | . . . . . . . . . . . . . . . . . Propulsion Burnouts . | . . . . . . . . . . . . . . . . . Robots Hopped . | . . . . . . . . . . . . . . . . . Cave-ins Triggered 1 | . . . . . . . . . . . . . . . . 1 Exploration Rate (%) 26 | 3 31 25 13 32 33 20 8 74 6 16 31 4 35 18 64 32 Regions Visited 16 Branch Regions 4 Pre-discovered Areas . | . . . . . . . . . . . . . . . . . Known Exits Taken 5 | . 1 . . 1 . . . . . 1 . 1 . . 1 . Unknown Exits Taken 6 | 1 . 1 1 . . 1 . . 1 . . . . 1 . . Scrap Searched . | . . . . . . . . . . . . . . . . . Spaces Dug 69 | . . . . . . . . . 5 . . . . 46 . 18 Terrain Destroyed 390 | . . 2 . . . . 4 . 5 4 72 2 . 216 67 18 Melee 23 | . . . . . . . . . 5 . . . . . . 18 Projectile . | . . . . . . . . . . . . . . . . . AOE 367 | . . 2 . . . . 4 . . 4 72 2 . 216 67 . Actions | -11 -10 -9 -9 -8 -8 -8 -7 -7 -7 -7 -7 -6 -6 -5 -5 -5 --------- Run | Scr Mat Mat Min Mat Gar Mat Fac Was Fac Sto Gar Fac Gar Fac Ext Cet Total 3405 | 23 135 253 33 313 298 140 256 69 300 96 110 213 72 466 503 125 Wait 145 | . . 10 . 1 48 2 26 . 29 13 3 11 . . 1 1 Move 2770 | 20 126 185 32 267 205 110 179 69 235 67 98 171 71 435 411 89 Hop . | . . . . . . . . . . . . . . . . . Pick Up 26 | . 4 3 . 2 2 3 6 . 2 . . . . . 4 . Fast Attach 70 | 3 . 3 1 9 2 4 2 . 13 3 . 6 . 7 17 . Attach 46 | . 1 5 . 5 6 4 8 . 3 . 2 1 . 6 4 1 Detach 33 | . . 1 . 6 4 3 2 . 2 3 2 . . 6 4 . Swap 5 | . . 1 . . . . . . . . . . . 1 3 . Drop 39 | . 1 2 . 5 2 4 5 . 6 4 . 4 . . 6 . Fire 146 | . 3 43 . 18 28 4 12 . 4 5 5 7 . 10 7 . Melee 49 | . . . . . . . 5 . 6 1 . . . . 7 30 Ram 3 | . . . . . . . . . . . . . . . . 3 Kick . | . . . . . . . . . . . . . . . . . Crush 32 | . . . . . . 6 11 . . . . 13 . . 2 . Escape Stasis 4 | . . . . . 1 . . . . . . . 1 1 . 1 Rewire 37 | . . . . . . . . . . . . . . . 37 . Trap . | . . . . . . . . . . . . . . . . . Miscellaneous . | . . . . . . . . . . . . . . . . . Route ------- -11/Scrapyard -10/Materials (discovered 3 exits: *Mat x3) -9/Materials -9/Mines -8/Materials -8/Garrison -8/Materials -7/Factory -7/Waste -7/Factory -7/Storage -7/Garrison -6/Factory -6/Garrison -5/Factory -5/Extension (discovered 3 exits: *Fac x2 / *Cet) -5/Cetus (discovered 1 exit: *Fac) History --------- Turn | Location | Event 3 | -11/Scrapyard | Discovered new exit (range 15) 21 | -11/Scrapyard | Entered Materials 40 | -10/Materials | Identified exit to Materials 98 | -10/Materials | Entered another Materials area 98 | -9/Materials | Evolved 2 slots: Propulsion x2 213 | -9/Materials | Lost 4 parts (2n2w) 290 | -9/Materials | Discovered new exit (range 6) 308 | -9/Materials | Entered Mines 308 | -9/Mines | Discovered new exit (range 10) 314 | -9/Mines | Met a Derelict who couldn't figure out how to use a Trap Extractor 326 | -9/Mines | Entered Materials 326 | -8/Materials | Evolved 2 slots: Propulsion x2 433 | -8/Materials | Build established: Mutant 538 | -8/Materials | Identified exit to Garrison 538 | -8/Materials | Entered Garrison 688 | -8/Garrison | Triggered checkpoint 751 | -8/Garrison | Discovered new exit (range 13) 761 | -8/Garrison | Installed Relay Interface Framework 776 | -8/Garrison | Triggered checkpoint 790 | -8/Garrison | Entered Materials 883 | -8/Materials | Discovered new exit (range 14) 894 | -8/Materials | Entered Factory 894 | -7/Factory | Evolved 2 slots: Propulsion x2 981 | -7/Factory | Garrison activated, responded to threat 1038 | -7/Factory | Lost 9 parts (6n3w) 1112 | -7/Factory | Core integrity fell below 50% 1121 | -7/Factory | Sucked down chute 1121 | -7/Factory | Entered Waste 1136 | -7/Waste | Build established: Hacker-Mutant 1137 | -7/Waste | Spotted C-40 Crusher 1142 | -7/Waste | Spotted C-40 Crusher 1145 | -7/Waste | Spotted C-40 Crusher 1145 | -7/Waste | Spotted C-40 Crusher 1147 | -7/Waste | Crushed by Compactor (1 part destroyed, 1 dropped) 1148 | -7/Waste | Core integrity fell below 20% 1149 | -7/Waste | Discovered new exit (range 13) 1149 | -7/Waste | Spotted C-40 Crusher 1156 | -7/Waste | Entered Factory 1370 | -7/Factory | Discovered new exit (range 6) 1373 | -7/Factory | Entered Storage 1382 | -7/Storage | Found Prototype Launcher 1382 | -7/Storage | Identified Rocket Array 1424 | -7/Storage | Garrison activated, responded to threat 1455 | -7/Storage | Identified exit to Garrison 1455 | -7/Storage | Entered Garrison 1458 | -7/Garrison | Build established: Mutant 1496 | -7/Garrison | Triggered checkpoint 1503 | -7/Garrison | Triggered checkpoint 1524 | -7/Garrison | Discovered new exit (range 12) 1530 | -7/Garrison | Entered Factory 1530 | -6/Factory | Evolved 2 slots: Utility x2 1757 | -6/Factory | Identified exit to Garrison 1757 | -6/Factory | Entered Garrison 1822 | -6/Garrison | Discovered new exit (range 10) 1827 | -6/Garrison | Entered Factory 1827 | -5/Factory | Evolved 2 slots: Propulsion x2 1854 | -5/Factory | Lost 4 parts (3n1w) 2064 | -5/Factory | Fabricated Biometal Leg? 2098 | -5/Factory | Discovered new exit (range 16) 2105 | -5/Factory | Entered Extension 2126 | -5/Extension | Build established: Hacker-Mutant 2170 | -5/Extension | Lost 6 parts (6n) 2314 | -5/Extension | Energy Cycler disabled 2314 | -5/Extension | Rescued a captive Derelict 2314 | -5/Extension | Rescued a captive Derelict 2315 | -5/Extension | Rescued a captive Derelict 2315 | -5/Extension | Rescued a captive Derelict 2315 | -5/Extension | Rescued a captive Derelict 2320 | -5/Extension | Rescued a captive Derelict 2321 | -5/Extension | Rescued a captive Derelict 2323 | -5/Extension | Rescued a captive Derelict 2345 | -5/Extension | Lost 5 parts (5n) 2376 | -5/Extension | Spotted B-75 Beast 2377 | -5/Extension | Spotted B-75 Beast 2378 | -5/Extension | Discovered new exit (range 14) 2403 | -5/Extension | Core integrity fell below 50% 2421 | -5/Extension | Discovered new exit (range 16) 2421 | -5/Extension | Discovered new exit (range 16) 2434 | -5/Extension | Lost 10 parts (8n2u) 2466 | -5/Extension | Identified exit to Cetus 2468 | -5/Extension | Identified exit to Factory 2469 | -5/Extension | Entered Cetus 2477 | -5/Cetus | Spotted Cetus Guard 2477 | -5/Cetus | Spotted Cetus Guard 2477 | -5/Cetus | Spotted Cetus Guard 2489 | -5/Cetus | Discovered exit to Factory (range 15) 2507 | -5/Cetus | Crushed by falling debris 2584 | -5/Cetus | Core integrity fell below 20% 2591 | -5/Cetus | Spotted Cetus Guard 2594 | -5/Cetus | Destroyed by Cetus Guard with Advanced Variable Charge Gun Last Messages --------------- 02489_ EXIT=FOUND: FACTORY 02507_ The unstable cave ceiling collapses. 02507_ Crushed by falling debris. 02507_ Lgt. Treads destroyed. 02507_ System corrupted by crushing effect (+4). 02513_ System corrupted: Matter fused (-7). 02549_ C-30 ARC bursts open, deploying its payload. 02549_ S-27 Virus unfolds itself. 02549_ C-30 ARC bursts open, deploying its payload. 02549_ S-27 Virus unfolds itself. 02549_ Ripper destroyed. 02560_ S-27 Virus destroyed. 02562_ Lgt. Treads destroyed. 02562_ S-27 Virus destroyed. 02563_ Acquired 7 matter. 02565_ System corrupted: Ripper targeting data glitched. 02576_ S-27 Virus destroyed. 02589_ Ripper destroyed. 02591_ Slammed into S-27 Virus. 02594_ Penetrated by Slug. Map ----- +----------------------------------------------------+ | ?????????????# # #?????????????????????????????? | | ?????????????# # #?????????????????????????????? | | ?????????????# # ##????????????????????????????? | | ?????????????# ## ##???????????????????????????? | | ?????????????# ### #???????????????????????????? | | ?????????????# ## #???????????????????????????? | | ?????????????# # ##????????????????????????????? | | ?????????????# "# #????????????????????????????? | | ?????????????# ####????????????????????????????? | | ?????????????# #???????????????????????????????? | | ?????????????# #???????????????????????????????? | | ?????????????# #???????????????????????????????? | | ?????????????# #???????????????????????????????? | | ?????????????# #???????????????????????????????? | | ?????????????# #???????????????????????????????? | | ?????????????# #???????????????????????????????? | | ?????????????# #???????????????????????????????? | | ?????????????# #??????????????"" "?????????????? | | ?????????????# #?????????????""""" """?????????? | | ?????????????# #????????????"" " " ????????? | | ?????????????# #????#####??" """ """???????? | | ############## ###### ###" " ??????? | | s +%" "%" ??????? | | w*s +" " ??????? | | YY*s + ??????? | | #######################YY@;##" ??????? | | ??????????????????????####s##" "" """"???????? | | ?????????????????????????##s#?####++####?????????? | | ?????????????????????????#%##????????????????????? | | ?????????????????????????###?????????????????????? | | ?????????????????????????????????????????????????? | | ?????????????????????????????????????????????????? | | ?????????????????????????????????????????????????? | | ?????????????????????????????????????????????????? | | ?????????????????????????????????????????????????? | | ?????????????????????????????????????????????????? | | ?????????????????????????????????????????????????? | | ?????????????????????????????????????????????????? | | ?????????????????????????????????????????????????? | | ?????????????????????????????????????????????????? | | ?????????????????????????????????????????????????? | | ?????????????????????????????????????????????????? | | ?????????????????????????????????????????????????? | | ?????????????????????????????????????????????????? | | ?????????????????????????????????????????????????? | | ?????????????????????????????????????????????????? | | ?????????????????????????????????????????????????? | | ?????????????????????????????????????????????????? | | ?????????????????????????????????????????????????? | | ?????????????????????????????????????????????????? | +----------------------------------------------------+ Best States ------------- Heat Dissipation 40 Energy Generation 14 Energy Capacity 160 Matter Stores 300 Matter Capacity 300 Sight Range 18 Terrain Scan Density 10 Armor Coverage 600 Evasion (%) 50 Recoil Reduction 8 Offensive Hacking 10 Defensive Hacking 10 Item Schematics ----------------- None Robot Schematics ------------------ None Fabricated ------------ Biometal Leg | x2 | -5/Factory | Preloaded Alien Tech Used ----------------- None Achievements -------------- Fearless Challenges ------------ None Game ------ Seed ArchitectDisruptionHumpback Manual? 0 Play Time 00:46:10 Cumulative 32.8 hours Start 2020.08.20 @ 12:05:39 End 2020.08.20 @ 12:50:50 Sessions 1 Manual Loads 0 Difficulty Rogue Special Mode None Game No. 53 Rogue 53 Adventurer 0 Explorer 0 Win Type - Total 1 Types 1/0/0/0/0/0/0 Lore% 33 Gallery% 42 Achievement% 37 Wizard Run 0 Options --------- ASCII 0 Keyboard 0 Movement Numpad Keybinds 0 Fullscreen 1 Font 18/Smallcaps Map View 76x50 Tactical HUD 1 Map Filters NONE Filters NONE Steam 1 RUN: a45bea48-8449-43d0-820b-9cff9ffd2559